Map: Cactus Valley LE (Void)

Players

Lethe - Winner!

  • Race: Zerg Zerg

Bop

  • Race: Protoss Protoss

VOD

Have the link to the VOD?

Description

Time

  • Played on: May 6, 2015, 11:28 p.m.
  • Length: 8:23
Show
View Real Time Build Order
Export as new Build Order

Lethe Zerg - Winner!

Build Orders: Hatch First 

Get SALT Encoding   

  12  0:02  Drone  
  13  0:09  Drone  
  14  0:19  Extractor  
  14  0:20  Extractor  
  12  0:22  Drone x2  
  12  0:28  Overlord  
  16  0:52  Hatchery  
  16  0:53  Drone  
  16  0:58  Drone  
  16  1:01  Drone  
  18  1:07  Extractor  
  17  1:16  Spawning Pool  
  16  1:20  Drone  
  16  1:23  Drone  
  18  1:30  Drone  
  19  1:39  Drone  
  20  1:49  Drone  
  21  2:01  Drone  
  21  2:03  Queen x2  
  21  2:07  Overlord  
  26  2:12  Metabolic Boost  
  26  2:18  Zergling x2  
  26  2:19  Zergling x2  
  28  2:29  Drone x2  
  30  2:35  Drone  
  31  2:39  Drone  
  32  2:45  Drone  
  32  2:47  Drone  
  34  2:56  Overlord  
  34  2:58  Hatchery  
  34  3:02  Queen  
  34  3:04  Drone  
  36  3:17  Zergling x6  
  36  3:18  Zergling x2  
  36  3:19  Drone x3  
  43  3:23  Drone  
  43  3:24  Overlord  
  44  3:46  Drone x5  
  48  3:48  Drone x3  
  48  3:54  Drone x2  
  51  4:01  Drone  
  52  4:04  Lair  
  52  4:06  Extractor  
  52  4:08  Extractor  
  52  4:09  Overlord  
  50  4:10  Roach Warren  
  50  4:13  Drone x5  
  53  4:26  Overlord  
  53  4:32  Extractor  
  53  4:34  Zergling x20  
  63  4:38  Drone x3  
  64  4:46  Overlord  
  64  4:48  Drone x3  
  64  4:52  Drone x3  
  70  5:00  Drone  
  70  5:04  Overlord  
  70  5:06  Drone x6  
  77  5:10  Spire, Extractor  
  77  5:11  Extractor  
  74  5:19  Drone x3  
  74  5:20  Drone x3  
  76  5:30  Spore Crawler  
  76  5:32  Spore Crawler  
  76  5:35  Spore Crawler  
  73  5:38  Spore Crawler  
  73  5:39  Drone x2  
  73  5:40  Spore Crawler  
  73  5:43  Drone  
  73  5:44  Drone, Overlord  
  73  5:45  Spore Crawler  
  73  5:46  Drone  
  73  5:49  Hydralisk Den  
  74  5:53  Overseer  
  74  6:06  Overlord  
  74  6:09  Drone x3  
  74  6:10  Drone x4  
  80  6:21  Mutalisk  
  80  6:25  Mutalisk x4  
  84  6:27  Overlord x5  
  84  6:28  Zerg Flyer Weapons Level 1  
  84  6:32  Muscular Augments  
  90  6:37  Burrow  
  88  6:48  Mutalisk x6  
  88  6:51  Mutalisk  
  101  6:56  Zergling x16  
  109  7:06  Overlord  
  109  7:09  Drone x2  
  109  7:13  Evolution Chamber  
  110  7:16  Evolution Chamber  
  108  7:25  Hydralisk x6  
  120  7:37  Hydralisk x6  
  120  7:42  Hatchery  
Show
View Real Time Build Order
Export as new Build Order

Bop Protoss 

Build Orders: Nexus First 

Get SALT Encoding   

  12  0:00  Probe  
  13  0:13  Probe  
  14  0:41  Nexus  
  14  0:51  Pylon  
  14  1:09  Probe (Chrono Boost)  
  14  1:11  Gateway  
  15  1:17  Assimilator  
  15  1:21  Probe (Chrono Boost)  
  16  1:28  Probe (Chrono Boost)  
  17  1:38  Probe (Chrono Boost)  
  18  1:44  Probe (Chrono Boost)  
  19  1:55  Probe  
  19  1:59  Cybernetics Core  
  20  2:01  Zealot  
  22  2:09  Probe x2 (Chrono Boost)  
  22  2:12  Pylon  
  24  2:18  Probe x2 (Chrono Boost)  
  26  2:25  Probe  
  26  2:26  Probe  
  28  2:35  Warp Gate  
  28  2:36  Adept (Chrono Boost)  
  30  2:38  Probe x2  
  32  2:50  Probe x2, Gateway  
  34  3:01  Adept  
  34  3:02  Probe  
  34  3:05  Assimilator  
  36  3:06  Assimilator  
  36  3:13  Probe (Chrono Boost)  
  36  3:14  Probe (Chrono Boost)  
  36  3:17  Pylon  
  38  3:23  Probe x2 (Chrono Boost)  
  40  3:28  Adept  
  40  3:30  Mothership Core (Chrono Boost)  
  44  3:35  Probe (Chrono Boost)  
  44  3:38  Adept  
  44  3:39  Pylon  
  47  3:47  Probe (Chrono Boost)  
  48  3:51  Probe (Chrono Boost)  
  48  3:54  Probe (Chrono Boost)  
  48  3:57  Probe (Chrono Boost)  
  49  4:04  Probe (Chrono Boost)  
  49  4:05  Stargate  
  49  4:07  Stargate  
  49  4:08  Probe (Chrono Boost)  
  51  4:12  Assimilator  
  51  4:16  Probe (Chrono Boost)  
  52  4:20  Probe (Chrono Boost)  
  54  4:25  Probe (Chrono Boost)  
  54  4:27  Probe (Chrono Boost)  
  54  4:28  Pylon  
  55  4:33  Probe  
  55  4:37  Gateway  
  55  4:38  Gateway  
  54  4:50  Oracle x2 (Chrono Boost)  
  60  4:54  Adept x2  
  64  5:02  Probe x2  
  64  5:06  Pylon  
  66  5:07  Pylon  
  66  5:22  Void Ray (Chrono Boost)  
  66  5:23  Void Ray (Chrono Boost)  
  66  5:32  Fleet Beacon  
  66  5:39  Adept x3  
  72  5:46  Probe x2  
  74  5:50  Forge  
  74  5:58  Probe x2, Void Ray (Chrono Boost)  
  80  6:10  Probe x2  
  82  6:15  Pylon  
  82  6:20  Adept  
  84  6:33  Graviton Catapult (Chrono Boost), Void Ray (Chrono Boost), Probe  
  89  6:48  Nexus, Pylon  
  89  6:53  Carrier (Chrono Boost)  
  89  6:56  Pylon  
  89  7:01  Adept  
  91  7:05  Probe (Chrono Boost)  
  91  7:07  Probe (Chrono Boost)  
  99  7:11  Photon Cannon  
  99  7:12  Photon Cannon x2  
  99  7:13  Pylon  
  100  7:16  Probe (Chrono Boost)  
  100  7:17  Assimilator  
  100  7:19  Probe (Chrono Boost)  
  100  7:21  Assimilator  
  100  7:22  Probe  
  103  7:31  Probe (Chrono Boost)  
  103  7:34  Probe (Chrono Boost), Photon Cannon  
  102  7:45  Probe (Chrono Boost)  
  102  7:47  Probe (Chrono Boost)  
  100  7:54  Probe  
  93  8:00  Photon Cannon  
  93  8:02  Photon Cannon  
  93  8:05  Probe x2  
  91  8:06  Probe  
  91  8:11  Pylon  
  92  8:13  Stalker x2, Pylon  
Tags
 
Add a new tag
Caveats
  • Supply blocks, unpowered buildings, or Contaminate may cause inaccurate times.
  • Supply counts are checked every 10 seconds.